 Dungeon Crawl Stone Soup version 0.28.0-53-g5a82cb258f (webtiles) character file.

Game seed: 13259286021010286266

445 Peloso the Covered (level 6, -5/56 HPs)
             Began as a Minotaur Fighter on June 4, 2022.
             Slain by an orc warrior
             ... wielding a +0 trident
              (12 damage)
             ... on level 4 of the Dungeon.
             The game lasted 00:06:51 (3899 turns).

Peloso the Covered (Minotaur Fighter)               Turns: 3899, Time: 00:06:52

Health: -5/56      AC:  9    Str: 27    XL:     6   Next: 72%
Magic:  5/5        EV: 10    Int:  5    God:
Gold:   135        SH:  5    Dex: 14    Spells: 5/5 levels left

rFire   . . .      SeeInvis .   a - +0 long sword
rCold   . . .      Faith    .   c - +0 buckler
rNeg    . . .      Spirit   .   b - +1 scale mail "Zak Enyu" {-Tele Str+6 Dex+3 Stlth+}
rPois   .          Reflect  .   (helmet restricted)
rElec   .          Harm     .   (no cloak)
rCorr   .          Rampage  .   (no gloves)
Will    .....      NoTele   +   k - +0 pair of boots
Stlth   +.........              (no amulet)
HPRegen 0.18/turn               (no ring)
MPRegen 0.09/turn               (no ring)

@: no status effects
A: horns 2, retaliatory headbutt
a: no special abilities


You were on level 4 of the Dungeon.
You visited 1 branch of the dungeon, and saw 5 of its levels.

You collected 135 gold pieces.

Inventory:

Hand Weapons
 a - a +0 long sword (weapon)
Armour
 b - the +1 scale mail "Zak Enyu" (worn) {-Tele Str+6 Dex+3 Stlth+}
   (You found it on level 4 of the Dungeon)

   Str:       It affects your strength (+6).
   Dex:       It affects your dexterity (+3).
   -Tele:     It prevents most forms of teleportation.
   Stlth:     It makes you more stealthy.
 c - a +0 buckler (worn)
 k - a +0 pair of boots (worn)
Jewellery
 g - a ring of ice
Wands
 m - a wand of mindburst (17)
Scrolls
 e - 4 scrolls of identify
 f - a scroll of torment {unknown}
 h - a scroll of summoning
 i - a scroll of amnesia
 j - 3 scrolls of teleportation
 l - a scroll of enchant weapon {unknown}
Potions
 d - 2 potions of might


   Skills:
 + Level 5.0 Fighting
 + Level 5.5 Long Blades
 + Level 5.6 Armour
 + Level 2.0 Dodging
 + Level 0.2 Stealth
 + Level 4.5 Shields


You had 5 spell levels left.
You didn't know any spells.
Your spell library contained the following spells:

 Spells                   Type           Power      Damage    Failure   Level
 Beastly Appendage        Tmut           0%         N/A       82%         1
 Static Discharge         Conj/Air       0%         N/A       91%         2
 Wereblood                Tmut           0%         N/A       91%         2
 Spider Form              Tmut/Pois      0%         N/A       99%         3
 Dispel Undead            Necr           0%         3d6       100%        4
 Sticky Flame             Conj/Fire      0%         2d3       100%        4


Dungeon Overview and Level Annotations

Branches:
Dungeon (5/15)
 Temple: D:4-7

Altars:
Ru
Trog

Annotations:
D:4 3 runed translucent doors, ciphuk's ghost, amateur GnVM


Innate Abilities, Weirdness & Mutations

You have a pair of horns on your head.
You reflexively headbutt those who attack you in melee.


Message History

The orc warrior throws a boomerang.
The boomerang hits you!
There is a stone staircase leading down here.
You block the orc's attack.
You climb downwards.
There is a stone staircase leading up here.
You slash the orc!
You kill the orc!
Items here: ( )) [ †.
Okay, then.
You start resting.
HP restored.
There is a stone staircase leading up here.
You climb upwards.
Level annotation: 3 runed translucent doors, ciphuk's ghost, amateur GnVM The orc warrior throws a boomerang.
The boomerang hits you.
There is a stone staircase leading down here.
The orc warrior throws a boomerang.
The boomerang barely misses you.
The orc warrior hits you with a +0 trident!
You closely miss the orc warrior.
The orc warrior hits you with a +0 trident!
You hit the orc warrior but do no damage.
The orc warrior hits you with a +0 trident!
The orc warrior closely misses you.
You slash the orc warrior!
The orc warrior is moderately wounded.
The orc warrior barely misses you.
You hit the orc warrior but do no damage.
The orc warrior is moderately wounded.
You block the orc warrior's attack.
You barely miss the orc warrior.
The orc warrior is moderately wounded.
The orc warrior hits you with a +0 trident!
* * * LOW HITPOINT WARNING * * *
You hit the orc warrior but do no damage.
The orc warrior is moderately wounded.
The orc warrior hits you but does no damage.
The orc warrior throws a boomerang.
The boomerang barely misses you.
There is a stone staircase leading down here.
The orc warrior hits you from afar with a +0 trident!
You die...

#..###.#####......#### #...# ..
.>.........##.)...#### ##...# ..#
.#####..##............##..#.##...
### ###........##.##...#.##......
#.#.#Z#..#####.##.##......#......
#....Z#..# #..#... .#)........
##....+..### ##...## ##(#...###.
#.$..Z+.)..# ##..#####[...#.#
##$..Z+..#.####.@.##...[##......
....Z#..#.#.......).#........#..
.#.#.##.....#.##o##...######.###
#####..##.##.##......### #...#
........#..##...##...######.#
...........#...######.o..###..
#..............# ####...##.
#..............# ###.†..
...........##..# ###..


You could see an orc warrior.

Vanquished Creatures
  A scorpion (D:4)
  An orc priest (D:3)
  A jelly (D:4)
  A centaur skeleton (D:4)
  5 orc wizards
  A hound skeleton (D:4)
  3 adders
  4 gnolls (D:3)
  A worm (D:4)
  2 dart slugs
  22 orcs
  2 bats (D:1)
  4 endoplasms
  3 giant cockroaches
  5 goblins
  8 hobgoblins
  5 jackals
  2 quokkas
  5 ball pythons
  3 frilled lizards
  2 kobolds
  5 rats
86 creatures vanquished.

Notes
Turn   | Place    | Note
-------+----------+-------------------------------------------
     0 | D:1      | Peloso the Minotaur Fighter began the quest for the Orb.
     0 | D:1      | Reached XP level 1. HP: 19/19 MP: 0/0
   104 | D:1      | Reached XP level 2. HP: 27/27 MP: 1/1
   699 | D:1      | Found a faded altar of an unknown god.
  1069 | D:2      | Reached XP level 3. HP: 30/33 MP: 2/2
  1594 | D:3      | Reached XP level 4. HP: 12/41 MP: 3/3
  1596 | D:3      | Reached skill level 1 in Dodging
  1895 | D:3      | Found a bloodstained altar of Trog.
  1974 | D:3      | Found a sacrificial altar of Ru.
  2297 | D:3      | Reached XP level 5. HP: 21/47 MP: 4/4
  3343 | D:4      | Reached skill level 5 in Armour
  3393 | D:4      | Reached XP level 6. HP: 48/53 MP: 5/5
  3462 | D:4      | Identified the +1 scale mail "Zak Enyu" {-Tele Str+6 Dex+3
                  | Stlth+}
  3560 | D:4      | Found a runed translucent gate.
  3562 | D:4      | Found a runed translucent gate.
  3562 | D:4      | Found a runed translucent gate.
  3563 | D:4      | Noticed ciphuk's ghost (amateur GnVM)
  3584 | D:4      | Reached skill level 5 in Long Blades
  3608 | D:4      | Reached skill level 5 in Fighting
  3754 | D:4      | Noticed an orc warrior
  3777 | D:5      | Entered Level 5 of the Dungeon
  3899 | D:4      | Slain by an orc warrior

Illustrated notes

Levels and vault maps discovered:
D:1:      shiori_shiawase, layout_basic, ebering_ecumenical_altar_ruins
D:2:      layout_basic, minmay_misc_feat_room
D:3:      layout_loops_ring, nicolae_ru_path_of_blood,
          mainiacjoe_overflow_alcove_4, kennysheep_small_spiral
D:4:      layout_rooms, gammafunk_ghost_necromancy, kennysheep_crisscross
D:5:      layout_basic, okawaru_altar_gauntlet_db, grunt_decor_arrowhead,
          wad_floor_pattern_2

Skill      XL: |  1  2  3  4  5  6 |
---------------+-------------------+-----
Shields        | 4 |  4.5
Fighting       | 4 5 |  5.0
Armour         | 4 5 |  5.6
Long Blades    | 3 4 5 |  5.5
Dodging        | 1 2 |  2.0
Stealth        | |  0.2

Action                   |  1- 3 |  4- 6 || total
-------------------------+-------+-------++-------
Melee: Long sword        |    80 |   134 ||   214
       Headbutt          |     7 |    21 ||    28
  Use: Scroll            |     3 |     2 ||     5
       Potion            |     4 |       ||     4
Armor: Scale mail        |    51 |    94 ||   145
Dodge: Dodged            |    37 |    74 ||   111
Block: Buckler           |    24 |    43 ||    67
